 Dungeon Crawl Stone Soup version 0.31-a0-174-g85c54bcb58 (webtiles) character file.

Game seed: 18264320243779515050

79 CowFu the Gusty (level 3, -5/26 HPs)
             Began as a Demigod Air Elementalist on June 15, 2023.
             Slain by Grinder (6 damage)
             ... on level 3 of the Dungeon.
             The game lasted 00:02:00 (2014 turns).

CowFu the Gusty (Demigod Air Elementalist)          Turns: 2014, Time: 00:02:00

Health: -5/26      AC:  3    Str:  9    XL:     3   Next: 95%
Magic:  0/8        EV: 12    Int: 21    God:
Gold:   100        SH:  0    Dex: 14    Spells: 2/5 levels left

rFire   . . .        f - +1 dagger (elec)
rCold   . . .        (no shield)
rNeg    . . .        a - +0 robe
rPois   .            (no helmet)
rElec   .            e - +0 cloak
rCorr   .            (no gloves)
SInv    .            (no boots)
Will    .....        (no amulet)
Stlth   ++           (no ring)
HPRegen 0.24/turn    (no ring)
MPRegen 0.11/turn

%: no passive effects
@: no status effects
A: high MP 1, forlorn, divine attributes
a: no special abilities


You were on level 3 of the Dungeon.
You visited 1 branch of the dungeon, and saw 3 of its levels.

You collected 100 gold pieces.

Inventory:

Hand Weapons
 d - a +0 short sword
 f - a +1 dagger of electrocution (weapon)
Armour
 a - a +0 robe (worn)
 e - a +0 cloak (worn)
Magical Staves
 h - a staff of fire
Jewellery
 g - a ring of protection from cold
Potions
 b - a potion of magic
 c - a potion of haste


   Skills:
 - Level 1.7 Dodging
 - Level 1.7 Stealth
 - Level 1.7 Spellcasting
 - Level 0.8 Conjurations
 + Level 4.6 Air Magic


You had 2 spell levels left.
You knew the following spells:

 Your Spells              Type           Power      Damage    Failure   Level
a - Shock                 Conj/Air       52%        1d6       4%          1
b - Static Discharge      Conj/Air       26%        2-4/arc   8%          2

Your spell library contained the following spells:

 Spells                   Type           Power      Damage    Failure   Level
 Momentum Strike          Conj/Tloc      6%         3d8       19%         2
 Blink                    Tloc           2%         N/A       22%         2
 Lesser Beckoning         Tloc           2%         N/A       22%         2
 Swiftness                Air            21%        N/A       7%          3
 Airstrike                Air            10%        2d(2-18)  22%         4
 Gell's Gravitas          Tloc           1%         N/A       41%         3
 Teleport Other           Tloc           1%         N/A       41%         3
 Dispersal                Tloc           0%         N/A       100%        6


Dungeon Overview and Level Annotations

Branches:
Dungeon (3/15)

Annotations:
D:3 Grinder


Innate Abilities, Weirdness & Mutations

You have an increased reservoir of magic. (+10% MP)
You shall have no god before yourself.
Your divine heritage dramatically boosts your attributes as you level up.


Message History

Aim: Grinder (moderately wounded, 64% to hit)
The zap hits Grinder.
Grinder is moderately wounded.
Grinder blinks!
Casting: Shock (safe; 4% risk of failure)
Confirm with . or Enter, or press ? or * to list all spells.
Aiming: Shock (safe; 4% risk of failure)
Press: ? - help, Shift-Dir - straight line, f/p - Grinder
Aim: Grinder (moderately wounded, 64% to hit)
The zap misses Grinder.
Casting: Shock (safe; 4% risk of failure)
Confirm with . or Enter, or press ? or * to list all spells.
Aiming: Shock (safe; 4% risk of failure)
Press: ? - help, Shift-Dir - straight line, f/p - Grinder
Aim: Grinder (moderately wounded, 64% to hit)
The zap misses Grinder.
Grinder hits you but does no damage.
Casting: Shock (safe; 4% risk of failure)
Confirm with . or Enter, or press ? or * to list all spells.
Grinder is struck by an arc of lightning.
Grinder is moderately wounded.
You are struck by an arc of lightning.
Grinder is struck by an arc of lightning.
Grinder is heavily wounded.
You are struck by an arc of lightning.
The lightning grounds out.
Grinder hits you.
You writhe in agony.
Unknown command.
Casting: Static Discharge (safe; 8% risk of failure)
Confirm with . or Enter, or press ? or * to list all spells.
You don't have enough magic to cast this spell.
Unknown command.
Casting: Static Discharge (safe; 8% risk of failure)
Confirm with . or Enter, or press ? or * to list all spells.
You don't have enough magic to cast this spell.
Unknown command.
You hit Grinder but do no damage. Lightning courses through Grinder!
Grinder is severely wounded.
Grinder hits you!
* * * LOW HITPOINT WARNING * * *
You writhe in agony.
You die...

#.....
#....#
#>...#
#....#
#..[.#
#....#
#....#
#.5..#
#.@..#
#....#
#.)..#
##.###
#..# ##.#
#'#####...
##.....#
#.###.#


You could see Grinder.

Vanquished Creatures
  3 adders (D:2)
  2 worms (D:2)
  A dart slug (D:1)
  2 endoplasms
  3 giant cockroaches (D:2)
  3 goblins (D:2)
  6 hobgoblins
  4 jackals (D:2)
  2 quokkas (D:1)
  6 bats
  2 frilled lizards (D:2)
  4 kobolds
  2 rats (D:1)
40 creatures vanquished.

Notes
Turn   | Place    | Note
-------+----------+-------------------------------------------
     0 | D:1      | CowFu the Demigod Air Elementalist began the quest for the
                  | Orb.
     0 | D:1      | Reached XP level 1. HP: 14/14 MP: 5/5
   154 | D:1      | Reached skill level 3 in Air Magic
   396 | D:1      | Reached XP level 2. HP: 20/20 MP: 1/7
  1108 | D:2      | Reached XP level 3. HP: 26/26 MP: 3/8
  1111 | D:2      | Learned a level 2 spell: Static Discharge
  1164 | D:2      | Reached skill level 4 in Air Magic
  1991 | D:3      | Noticed Grinder
  2004 | D:3      | Paralysed by Grinder for 3 turns
  2014 | D:3      | HP: 1/26 [Grinder (7)]
  2014 | D:3      | Slain by Grinder

Illustrated notes

Levels and vault maps discovered:
D:1:      minmay_arrival_loop, layout_rooms
D:2:      minmay_chambers_of_ones, layout_basic
D:3:      layout_basic, mainiacjoe_overflow_swirl, kennysheep_crisscross,
          minmay_circle_x, uniq_grinder, uniq_crazy_yiuf_cottage

Skill      XL: |  1  2  3 |
---------------+----------+-----
Air Magic      | 3 4 |  4.6
Dodging        | |  1.7
Stealth        | |  1.7
Spellcasting   | |  1.7
Conjurations   | |  0.8

Action                     || total
---------------------------++-------
  Melee: Unarmed           ||     1
         Short sword       ||    17
         Dagger            ||    29
   Cast: Shock             ||    85
         Static Discharge  ||     4
    Use: Scroll            ||     5
   Stab: Sleeping          ||     1
 Armour: Robe              ||    12
  Dodge: Dodged            ||    46

Table legend: (Time is in decaauts)
 A = Elapsed time spent in this place.
 B = Non-inter-level travel time spent in this place.
 C = Inter-level travel time spent in this place.
 D = Time resting spent in this place.
 E = Time spent auto-exploring this place.
 F = Levels seen in this place.
 G = Mean time per level.
                   A        B        C        D        E       F      G
               +--------+--------+--------+--------+--------+-----+--------+
         Total |   2012 |   1958 |     54 |      0 |   1671 |   3 |  670.7 |
       Dungeon |   2012 |   1958 |     54 |      0 |   1671 |   3 |  670.7 |
               +--------+--------+--------+--------+--------+-----+--------+

Top non-repeatable levels by time:
     D:2: 1172 daAuts
     D:1: 804 daAuts
     D:3: 35 daAuts
